 Dungeon Crawl Stone Soup version 0.29.1-12-g30fa7ad0bf (webtiles) character file.

Game seed: 4658799123279942863

628 safid the Shooter (level 7, -2/66 HPs)
             Began as a Minotaur Hunter on Dec 13, 2022.
             Slain by an orc warrior
             ... wielding a +0 short sword
              (3 damage)
             ... on level 5 of the Dungeon.
             The game lasted 00:06:42 (4166 turns).

safid the Shooter (Minotaur Hunter)                 Turns: 4166, Time: 00:06:42

Health: -2/66      AC:  7    Str: 15    XL:     7   Next: 23%
Magic:  6/6        EV: 10    Int:  6    God:
Gold:   268        SH:  0    Dex: 16    Spells: 6/6 levels left

rFire   . . .      SeeInvis .   a - +0 shortbow
rCold   . . .      Faith    .   (shield currently unavailable)
rNeg    . . .      Spirit   .   f - +0 scale mail
rPois   .          Reflect  .   (helmet restricted)
rElec   .          Harm     .   (no cloak)
rCorr   .          Rampage  .   x - +0 pair of gloves
Will    .....                   (no boots)
Stlth   ..........              (no amulet)
HPRegen 0.21/turn               v - ring of flight
MPRegen 0.10/turn               (no ring)

@: flying
A: horns 2, retaliatory headbutt
a: no special abilities


You were on level 5 of the Dungeon.
You visited 1 branch of the dungeon, and saw 5 of its levels.

You collected 268 gold pieces.

Inventory:

Hand Weapons
 a - a +0 shortbow (weapon)
Armour
 f - a +0 scale mail (worn)
 x - a +0 pair of gloves (worn)
Jewellery
 c - a ring of protection from cold
 v - a ring of flight (left hand)
Wands
 t - a wand of roots (6)
Scrolls
 b - a scroll of torment {unknown}
 i - a scroll of poison {unknown}
 l - a scroll of fog {unknown}
 m - a scroll of enchant weapon {unknown}
 n - 2 scrolls of identify {unknown}
 q - 2 scrolls of teleportation {unknown}
 s - a scroll of acquirement {unknown}
 u - a scroll of enchant armour {unknown}
Potions
 d - 2 potions of degeneration {unknown}
 e - a potion of heal wounds {unknown}
 g - a potion of brilliance {unknown}
 h - 4 potions of curing {unknown}
 j - a potion of attraction {unknown}
 k - a potion of resistance {unknown}
 o - 3 potions of haste {unknown}
 p - a potion of berserk rage {unknown}
 r - a potion of invisibility {unknown}
 w - a potion of mutation {unknown}


   Skills:
 + Level 7.1 Fighting
 + Level 7.5 Ranged Weapons
 - Level 2.1 Dodging
 - Level 0.7 Stealth


You had 6 spell levels left.
You didn't know any spells.
Your spell library contained the following spells:

 Spells                   Type           Power      Damage    Failure   Level
 Apportation              Tloc           0%         N/A       91%         1
 Necrotise                Necr           0%         1d4       91%         1
 Summon Small Mammal      Summ           0%         N/A       91%         1
 Blink                    Tloc           0%         N/A       97%         2
 Confusing Touch          Hex            0%         N/A       99%         3
 Lesser Beckoning         Tloc           0%         N/A       99%         3
 Swiftness                Air            0%         N/A       99%         3
 Tukima's Dance           Hex            0%         N/A       99%         3
 Manifold Assault         Tloc           0%         N/A       100%        5
 Yara's Violent Unravell  Hex/Tmut       0%         3d3       100%        5


Dungeon Overview and Level Annotations

Branches:
Dungeon (5/15)
 Temple: D:4-7

Altars:
Ashenzari
Fedhas
Wu Jian


Innate Abilities, Weirdness & Mutations

You have a pair of horns on your head.
You reflexively headbutt those who attack you in melee.


Message History

You are too injured to fight recklessly!
You are too injured to fight recklessly!
You are too injured to fight recklessly!
You are too injured to fight recklessly!
You are too injured to fight recklessly!
You are too injured to fight recklessly!
You are too injured to fight recklessly!
You are too injured to fight recklessly!
You are too injured to fight recklessly!
You are too injured to fight recklessly!
You are too injured to fight recklessly!
You are too injured to fight recklessly!
You are too injured to fight recklessly!
You are too injured to fight recklessly!
Unknown command.
Fire: a) +0 shortbow
Press: ? - help, Q - select action, (/) - cycle Shift-Dir - straight line, f/p - orc warrior
Aim: an orc warrior, wielding a +0 short sword and wearing a +3 plate armour of cold resistance (heavily wounded, 66% to hit)
You shoot an arrow. The arrow hits the orc warrior.
The orc warrior is severely wounded.
The orc warrior barely misses you. You furiously retaliate!
You headbutt the orc warrior.
Fire: a) +0 shortbow
Press: ? - help, Q - select action, (/) - cycle Shift-Dir - straight line, f/p - orc warrior
Aim: an orc warrior, wielding a +0 short sword and wearing a +3 plate armour of cold resistance (severely wounded, 66% to hit)
You shoot an arrow. The arrow hits the orc warrior.
The orc warrior is almost dead.
The orc warrior hits you with a +0 short sword!
* * * LOW HITPOINT WARNING * * *
Unknown command.
Fire: a) +0 shortbow
Press: ? - help, Q - select action, (/) - cycle Shift-Dir - straight line, f/p - orc warrior
Aim: an orc warrior, wielding a +0 short sword and wearing a +3 plate armour of cold resistance (almost dead, 66% to hit)
You shoot an arrow.
The arrow hits the orc warrior but does no damage.
The orc warrior is almost dead.
The orc warrior hits you with a +0 short sword!
* * * LOW HITPOINT WARNING * * *
The orc warrior hits you with a +0 short sword.
You die...

#######..###########
##...................
.........##.#######.
#...........# #..
#...........# #..
#...###..##.######..
##...# #..##.........
####....###..##.##<)....
......o@.##..##.##.####.
##...........##.##.# #.
#..#.#.##.#..##.##.####.
# #...#.##.............
..#...............####
#.#...####.######..# #
##.# #.# #..# #. ##.#
#..# #.####..######..#


You could see an orc warrior.

Vanquished Creatures
  A black bear (D:5)
  2 necrophages
  2 scorpions
  A hound (D:4)
  An orc priest (D:5)
  A jelly (D:4)
  An iguana (D:4)
  4 gnolls (D:4)
  2 adders
  A shadow imp (D:5)
  2 worms
  5 dart slugs
  8 orcs
  6 ball pythons
  7 bats
  3 endoplasms
  4 giant cockroaches
  10 goblins
  7 hobgoblins
  8 jackals
  3 quokkas (D:4)
  A frilled lizard (D:1)
  10 kobolds
  5 rats
95 creatures vanquished.

Notes
Turn   | Place    | Note
-------+----------+-------------------------------------------
     0 | D:1      | safid the Minotaur Hunter began the quest for the Orb.
     0 | D:1      | Reached XP level 1. HP: 18/18 MP: 0/0
   118 | D:1      | Reached XP level 2. HP: 25/25 MP: 1/1
   478 | D:1      | Reached XP level 3. HP: 31/31 MP: 2/2
   485 | D:1      | Reached skill level 5 in Ranged Weapons
   884 | D:2      | Found an ornate altar of the Wu Jian Council.
  1394 | D:2      | Found a faded altar of an unknown god.
  1794 | D:3      | Got Sif Muna's Codex of Charged Fascination
  1855 | D:3      | Reached XP level 4. HP: 31/40 MP: 3/3
  2463 | D:4      | Reached XP level 5. HP: 21/47 MP: 4/4
  2849 | D:4      | Reached skill level 5 in Fighting
  2941 | D:4      | Reached XP level 6. HP: 55/56 MP: 5/5
  3371 | D:4      | Found a blossoming altar of Fedhas.
  3374 | D:4      | Found a broken altar of Ashenzari.
  3492 | D:5      | Entered Level 5 of the Dungeon
  3620 | D:5      | Reached XP level 7. HP: 55/64 MP: 6/6
  4166 | D:5      | HP: 1/66 [orc warrior/+0 short sword (11)]
  4166 | D:5      | Slain by an orc warrior

Illustrated notes

Levels and vault maps discovered:
D:1:      lemuel_arrival_cross, layout_rooms, st_stairs_12,
          minmay_misc_feat_alley
D:2:      layout_loops_ring, basic_altar,
          dreamdust_ecumenical_altar_angels_and_demons,
          minmay_misc_feat_ornament, minmay_statues_item,
          minmay_fractal_squares_gapless_5
D:3:      layout_basic
D:4:      layout_loops_ring, nicolae_overflow_squiral
D:5:      layout_loops_ring, kennysheep_orc_sif_temple

Skill      XL: |  1  2  3  4  5  6  7 |
---------------+----------------------+-----
Fighting       | 3 4 5 6 7 |  7.1
Ranged Weapons | 5 6 7 |  7.5
Dodging        | |  2.1
Stealth        | |  0.7

Action                   |  1- 3 |  4- 6 |  7- 9 || total
-------------------------+-------+-------+-------++-------
 Fire: Shortbow          |   130 |   131 |    41 ||   302
Armor: Leather armour    |    22 |    14 |       ||    36
       Scale mail        |       |     8 |     5 ||    13
Dodge: Dodged            |    48 |    53 |     9 ||   110
